 Dungeon Crawl Stone Soup version 0.24-a0-530-g18ba70b5 (webtiles) character file.

Game seed: 12961160958560876714

1696 pkoi the Spear-Bearer (level 8, -9/70 HPs)
             Began as a Minotaur Gladiator on Aug 8, 2019.
             Was a Follower of Qazlal.
             Killed by divine providence
             ... invoked by an orc priest
              (12 damage)
             ... on level 7 of the Dungeon.
             The game lasted 00:10:57 (6714 turns).

pkoi the Spear-Bearer (Minotaur Gladiator)          Turns: 6714, Time: 00:10:58

Health: -9/70      AC:  7    Str: 17 (20) XL:     8   Next: 72%
Magic:  18/18      EV: 20    Int:  5      God:    Qazlal [*.....]
Gold:   433        SH:  1    Dex: 16 (18) Spells: 7/7 levels left

rFire    + . .     SeeInvis .   a - +1 trident
rCold    . . .     Gourm    .   (no shield)
rNeg     . . .     Faith    +   b - +0 leather armour
rPois    .         Spirit   .   c - +1 hat
rElec    .         Reflect  .   g - +0 cloak
rCorr    .         Harm     .   (no gloves)
MR       .....                  x - +0 pair of boots
Stlth    ++........             s - amulet of faith
HPRegen  0.21/turn              p - ring of protection from fire
MPRegen  0.16/turn              w - ring of magical power

@: agile, very slightly contaminated
A: retaliatory headbutt, horns 2
a: Renounce Religion


You were on level 7 of the Dungeon.
You worshipped Qazlal.
Qazlal was aware of your devotion.
You were not hungry.

You visited 2 branches of the dungeon, and saw 8 of its levels.

You collected 433 gold pieces.

Inventory:

Hand Weapons
 a - a +1 trident (weapon)
Missiles
 d - 6 throwing nets (quivered)
Armour
 b - a +0 leather armour (worn)
 c - a +1 hat (worn)
 g - a +0 cloak (worn)
 x - a +0 pair of boots (worn)
Jewellery
 p - a ring of protection from fire (left hand)
 s - an amulet of faith (around neck)
 w - a ring of magical power (right hand)
 y - an uncursed amulet of magic regeneration
Wands
 n - a wand of scattershot (4)
Scrolls
 e - 4 scrolls of identify
 i - 2 scrolls of blinking
 o - 2 scrolls of remove curse
 u - a scroll of teleportation
Comestibles
 f - 16 rations


   Skills:
 + Level 5.6 Fighting
 + Level 9.6 Polearms
 - Level 2.0 Throwing
 + Level 4.9 Armour
 + Level 5.7 Dodging
 + Level 3.4 Invocations


You had 7 spell levels left.
You didn't know any spells.
Your spell library contained the following spells:

 Spells                   Type           Power        Failure   Level  Hunger
 Animate Skeleton         Necr           N/A          54%         1    ##.....
 Apportation              Tloc           #.....       54%         1    ##.....
 Confusing Touch          Hex            #.....       54%         1    ##.....
 Summon Small Mammal      Summ           #...         54%         1    ##.....


Dungeon Overview and Level Annotations

Branches:
Dungeon (7/15)             Temple (1/1) D:5

Altars:
Ashenzari
Fedhas
Gozag
Hepliaklqana
Kikubaaqudgha
Makhleb
Okawaru
Qazlal
Ru
Sif Muna
Trog
Uskayaw
Vehumet
Xom
Yredelemnul
Zin
The Shining One

Shops:
D:5 [


Innate Abilities, Weirdness & Mutations

You reflexively headbutt those who attack you in melee.
You have a pair of horns on your head.


Message History

* * * LOW HITPOINT WARNING * * *
You hit the orc warrior. Your headbutt misses the orc warrior.
The orc warrior is almost dead.
The orc throws a boomerang.
You block the boomerang.
The weapon returns to the orc!
Unknown command.
You aren't carrying any potions.
Blink to where?
Press: ? - help, Dir - move target cursor
As you read the scroll of blinking, it crumbles to dust.
The orc throws a boomerang.
The boomerang hits you.
* * * LOW HITPOINT WARNING * * *
The weapon returns to the orc!
You open the door.
A bullfrog comes into view.
The bullfrog croaks.
The bullfrog completely misses you.
The orc priest invokes the aid of Beogh against you.
Beogh smites you!
You die...

,****+**########...##..#***'#****
**,,,,.##....########..####.#,,,,
*,,,,,.........)...○....#...#,,,,
*,,,,,.........#.o..(...#...#,,,.
*,,,,,.........#ooo.....#...#,...
*,,,,,.........#........#...#....
*,,,,,.........#........#...'....
*,,,,,.........#........'...#....
*,,,,,.........#@.......#...#,...
****'*##########F############,,,.
**,,,,,****,,,*#.#* *,,,,,,,,**
*,,,,,,,,,,,,,,...* *,,,,,,,,*
*,,,,,,,,,,,,,,...* *,,,,,,,,*
*,,,,,,,,,,,,,....# *,,,,,,,,*
*,,,,,,,,,,,,,<...# *,,,,,,,,*
*************###### *,,,,,,,,*
**********


You could see an orc warrior, a bullfrog, an orc priest, an orc wizard and an
orc.

Vanquished Creatures
  A hornet (D:7)
  Duvessa (D:5)
  2 phantoms
  2 ogres
  2 bullfrogs
  A scorpion (D:6)
  Dowan (D:5)
  A crimson imp (D:5)
  A quasit (D:5)
  4 orc priests
  A hound (D:5)
  A jelly (D:6)
  6 orc wizards
  A bullfrog skeleton (D:6)
  A centaur skeleton (D:5)
  14 gnolls
  8 adders
  A shadow imp (D:5)
  3 oozes
  An adder skeleton (D:4)
  3 worms
  3 dart slugs
  7 leopard geckos
  14 orcs
  7 giant cockroaches
  11 hobgoblins
  9 jackals
  7 kobolds
  A quokka (D:2)
  A ball python (D:1)
  6 bats
  2 frilled lizards (D:2)
  6 goblins
  A jackal zombie (D:6)
  A leopard gecko zombie (D:6)
  6 rats
138 creatures vanquished.

Notes
Turn   | Place    | Note
-------+----------+-------------------------------------------
     0 | D:1      | pkoi the Minotaur Gladiator began the quest for the Orb.
     0 | D:1      | Reached XP level 1. HP: 18/18 MP: 0/0
    29 | D:1      | Reached skill level 4 in Polearms
    37 | D:1      | Reached XP level 2. HP: 15/25 MP: 1/1
   600 | D:2      | Reached skill level 5 in Polearms
   656 | D:2      | Reached XP level 3. HP: 29/30 MP: 2/2
   872 | D:2      | Found a glowing silver altar of Zin.
  1037 | D:2      | Found a deep blue altar of Sif Muna.
  1167 | D:2      | Found a shimmering altar of Xom.
  1293 | D:3      | Reached skill level 6 in Polearms
  1293 | D:3      | Reached XP level 4. HP: 33/37 MP: 3/3
  1842 | D:3      | Reached XP level 5. HP: 33/42 MP: 4/4
  2004 | D:3      | Reached skill level 7 in Polearms
  2357 | D:4      | Noticed an ogre
  2366 | D:4      | Killed an ogre
  2366 | D:4      | Reached skill level 8 in Polearms
  2714 | D:4      | Reached XP level 6. HP: 50/50 MP: 5/5
  2878 | D:4      | Reached skill level 1 in Armour
  3414 | D:5      | Entered Level 5 of the Dungeon
  3451 | D:5      | Found a burning altar of Makhleb.
  3816 | D:5      | Found a staircase to the Ecumenical Temple.
  3843 | D:5      | Reached XP level 7. HP: 32/57 MP: 6/6
  3971 | Temple   | Entered the Ecumenical Temple
  4268 | Temple   | Became a worshipper of Qazlal Stormbringer
  4445 | D:5      | Noticed Dowan
  4454 | D:5      | Killed Dowan
  4454 | D:5      | Reached skill level 1 in Invocations
  4455 | D:5      | Noticed Duvessa
  4470 | D:5      | Killed Duvessa
  4632 | D:5      | Found a bloodstained altar of Trog.
  4647 | D:5      | Found Zaff's Armour Shoppe.
  5298 | D:6      | Reached skill level 9 in Polearms
  5579 | D:6      | Reached XP level 8. HP: 57/67 MP: 8/8
  5598 | D:6      | Reached skill level 5 in Dodging
  5797 | D:6      | Reached * piety under Qazlal
  5857 | D:6      | Reached skill level 5 in Fighting
  5870 | D:6      | Found a hazy altar of Hepliaklqana.
  5934 | D:6      | Found a bloodstained altar of Trog.
  5934 | D:6      | Found a basalt altar of Yredelemnul.
  6495 | D:7      | Noticed a hornet
  6507 | D:7      | Killed a hornet
  6713 | D:7      | HP: 3/70 [orc/boomerang (2)]
  6714 | D:7      | Killed from afar by an orc priest

Levels and vault maps discovered:
D:1:      dpeg_arrival_ternary, layout_basic
D:2:      layout_rooms, lemuel_blue_sif_altar, lemuel_coloured_pillars_altar,
          zin_statuary, serial_corexii_hall, corexii_hall_statues_u,
          corexii_hall_statues_i
D:3:      cheibrodos_helix_gallery, layout_loops_ring
D:4:      layout_cave_pods, first_ration, minivault_4
D:5:      layout_basic, lemuel_doored_altar, temple_fountains, serial_shops,
          kennysheep_mini_moat, trog_three_pillars_becter, uniq_duvessa
D:6:      layout_rooms, overflow_temple_1_default,
          gammafunk_temple_overflow_wave
D:7:      layout_gridville, enter_ossuary_1, fedhas_altar_3
Temple:   dpeg_chambers_temple

Skill      XL: |  1  2  3  4  5  6  7  8 |
---------------+-------------------------+-----
Polearms       | 4 5 6 8 9 |  9.6
Fighting       | 3 4 5 |  5.6
Armour         | 2 3 4 |  4.9
Dodging        | 4 5 |  5.7
Invocations    | 2 3 |  3.4
Throwing       | |  2.0

Action                   |  1- 3 |  4- 6 |  7- 9 || total
-------------------------+-------+-------+-------++-------
Melee: Trident           |    88 |   183 |   250 ||   521
       Headbutt          |    12 |    15 |    25 ||    52
  Use: Potion            |       |       |     9 ||     9
       Scroll            |       |       |    11 ||    11
  Eat: Chunk             |     1 |     8 |    10 ||    19
Armor: Leather armour    |    16 |    38 |    50 ||   104
Dodge: Dodged            |    44 |   130 |   134 ||   308
Block: Other             |       |       |     2 ||     2

Table legend:
 A = Non-vault XP
 B = Vault XP
 C = Vault XP percentage of total XP
 D = Non-vault monster count
 E = Vault monster count
 F = Vault count percentage of total count
                 A         B        C        D         E       F
            +---------+---------+-------+---------+---------+-------
      Total |    2217 |     207 |   8.5 |     134 |       4 |   2.9
            +---------+---------+-------+---------+---------+-------
        D:1 |      37 |       0 |   0.0 |      18 |       0 |   0.0
        D:2 |      54 |       0 |   0.0 |      18 |       0 |   0.0
        D:3 |     148 |       2 |   1.3 |      28 |       2 |   6.7
        D:4 |     340 |       0 |   0.0 |      12 |       0 |   0.0
        D:5 |     593 |     205 |  25.7 |      35 |       2 |   5.4
        D:6 |     654 |       0 |   0.0 |      19 |       0 |   0.0
        D:7 |     391 |       0 |   0.0 |       4 |       0 |   0.0
            +---------+---------+-------+---------+---------+-------
